 Dungeon Crawl Stone Soup version 0.23-a0-577-g2b1de94 (webtiles) character file.

434 Lavandula the Cutter (level 7, 0/41 HPs)
             Began as a Halfling Enchanter on Dec 15, 2018.
             Killed by divine providence
             ... invoked by an orc priest
              (16 damage)
             ... on level 6 of the Dungeon.
             The game lasted 00:12:45 (2374 turns).

Lavandula the Cutter (Halfling Enchanter)           Turns: 2374, Time: 00:12:46

Health: 0/41       AC:  4    Str:  9    XL:     7   Next: 20%
Magic:  7/10       EV: 16    Int: 17    God:
Gold:   201        SH:  0    Dex: 15    Spells: 1/10 levels left

rFire    . . .     SeeInvis +   h - +8 rapier of the Lamprey {freeze, MR+ Int+2}
rCold    . . .     Gourm    .   (shield restricted)
rNeg     . . .     Faith    .   b - +0 robe
rPois    .         Spirit   .   w - +1 helmet
rElec    .         Reflect  .   (no cloak)
rCorr    .         Harm     .   (no gloves)
MR       +....                  (no boots)
Stlth    ++........             (no amulet)
HPRegen  0.13/turn              j - ring of see invisible
MPRegen  0.12/turn              c - +1 ring of evasion

@: no status effects
A: small, mutation resistance 1
a: no special abilities


You were on level 6 of the Dungeon.
You were hungry.

You visited 1 branch of the dungeon, and saw 6 of its levels.

You collected 201 gold pieces.

Inventory:

Hand Weapons
 a - a +1 dagger
 g - a +0 hunting sling
 h - the +8 rapier of the Lamprey (weapon) {freeze, MR+ Int+2}
   (You found it on level 4 of the Dungeon)

   It has been specially enchanted to freeze those struck by it, causing extra
   injury to most foes and up to half again as much damage against particularly
   susceptible opponents.
   It can also slow down cold-blooded creatures.
   It affects your intelligence (+2).
   It affects your resistance to hostile enchantments.
Missiles
 i - 69 stones (quivered)
Armour
 b - a +0 robe (worn)
 w - a +1 helmet (worn)
Jewellery
 c - a +1 ring of evasion (right hand)
 j - a ring of see invisible (left hand)
 s - an uncursed ring of protection from cold
 t - an uncursed ring of resist corrosion
Scrolls
 f - a scroll of enchant weapon {unknown}
 k - 3 scrolls of teleportation
 l - 2 scrolls of magic mapping
 o - 4 scrolls of amnesia {unknown}
 p - 2 scrolls of immolation
 r - a scroll of noise {unknown}
 u - a scroll of blinking {unknown}
Potions
 e - a potion of flight {unknown}
 m - 2 potions of lignification
 n - a potion of heal wounds {unknown}
 q - a potion of curing {unknown}
 z - a potion of haste {unknown}
Comestibles
 d - 6 rations


   Skills:
 + Level 7.5 Short Blades
 - Level 2.1 Dodging
 - Level 3.2 Stealth
 - Level 2.0 Spellcasting
 - Level 3.1 Hexes


You had one spell level left.
You knew the following spells:

 Your Spells              Type           Power        Failure   Level  Hunger
a - Corona                Hex            ##.....      5%          1    #......
b - Ensorcelled Hibernat  Hex/Ice        #.....       16%         2    ###....
c - Dazzling Spray        Conj/Hex       #.....       30%         3    ###....
d - Confuse               Hex            ##......     16%         3    ###....

Your spell library contained the following spells:

 Spells                   Type           Power        Failure   Level  Hunger
 Tukima's Dance           Hex            ##......     16%         3    ###....


Dungeon Overview and Level Annotations

Branches:
Dungeon (6/15)
 Temple: D:4-7

Altars:
Gozag
Vehumet
Wu Jian
Zin


Innate Abilities, Weirdness & Mutations

You are small and have problems with some larger weapons.
You are somewhat resistant to further mutation.


Message History

An orc priest comes into view. It is wielding a +0 hand axe.
You see here a +0 animal skin.
An orc comes into view. It is wielding a -2 club.
The orc priest shouts!
Casting: Dazzling Spray (safe; 30% risk of failure)
Confirm with . or Enter, or press ? or * to list all spells.
Aiming: Ensorcelled Hibernation (safe; 16% risk of failure)
Press: ? - help, Shift-Dir - straight line, f - orc priest
Aim: an orc priest, wielding a +0 hand axe and wearing a +0 ring mail (chance The orc priest resists with some effort.
The orc priest mumbles some strange prayers to Beogh against you.
Beogh smites you!
You hit the orc priest. You freeze the orc priest.
The orc priest is moderately wounded.
The orc priest closely misses you.
You hit the orc priest. You freeze the orc priest.
The orc priest is severely wounded.
The orc priest invokes the aid of Beogh against you.
Beogh smites you!
You die...

##### ...# ##
##.###
#..#[..<#
#....[#######.#
#.##...@oo....#
# #########...


You could see an orc priest and an orc.

Vanquished Creatures
  2 slaves (D:6)
  An ogre (D:4)
  A centaur (D:5)
  A bullfrog (D:6)
  An orc priest (D:3)
  An orc wizard (D:3)
  A hound zombie (D:5)
  4 adders
  A shadow imp (D:4)
  An ooze (D:3)
  An adder zombie (D:5)
  An adder skeleton (D:4)
  2 worms (D:3)
  A dart slug (D:1)
  A leopard gecko (D:3)
  9 orcs
  A ball python (D:2)
  5 giant cockroaches
  8 goblins
  4 hobgoblins
  6 kobolds
  2 quokkas
  4 bats
  7 frilled lizards
  A jackal skeleton (D:4)
  A leopard gecko zombie (D:5)
  7 rats
75 creatures vanquished.

Vanquished Creatures (others)
  A quokka (D:2)
1 creature vanquished.

Grand Total: 76 creatures vanquished

Notes
Turn   | Place    | Note
-------+----------+-------------------------------------------
     0 | D:1      | Lavandula the Halfling Enchanter began the quest for the
                  | Orb.
     0 | D:1      | Reached XP level 1. HP: 11/11 MP: 3/3
    76 | D:1      | Reached skill level 2 in Short Blades
    93 | D:1      | Reached XP level 2. HP: 11/17 MP: 4/4
   230 | D:1      | Reached skill level 3 in Short Blades
   264 | D:1      | Reached XP level 3. HP: 17/21 MP: 5/5
   446 | D:2      | Found a radiant altar of Vehumet.
   510 | D:3      | Reached skill level 4 in Short Blades
   514 | D:3      | Learned a level 2 spell: Ensorcelled Hibernation
   586 | D:4      | Noticed an ogre
   595 | D:4      | Killed an ogre
   595 | D:4      | Reached skill level 5 in Short Blades
   595 | D:4      | Reached XP level 4. HP: 27/27 MP: 1/6
   595 | D:4      | Reached XP level 5. HP: 31/31 MP: 1/7
   659 | D:4      | Reached skill level 6 in Short Blades
   733 | D:5      | Entered Level 5 of the Dungeon
   928 | D:3      | Reached XP level 6. HP: 16/36 MP: 1/8
   939 | D:3      | Learned a level 3 spell: Dazzling Spray
  1297 | D:3      | Learned a level 3 spell: Confuse
  1300 | D:3      | Found an opulent altar of Gozag.
  1687 | D:3      | Found a glowing silver altar of Zin.
  1947 | D:4      | Got a faintly glowing rapier
  1948 | D:4      | Identified the +8 rapier of the Lamprey {freeze, MR+ Int+2}
                  | (You found it on level 4 of the Dungeon)
  1984 | D:6      | Found an ornate altar of the Wu Jian Council.
  2035 | D:5      | Reached skill level 7 in Short Blades
  2035 | D:5      | Reached XP level 7. HP: 37/41 MP: 10/10
  2374 | D:6      | Killed from afar by an orc priest

Vault maps used:
D:1:      eino_arrival_druids_welcome, minmay_split_cup_small
D:2:      fiery_altar_vehumet, first_ration
D:3:      grunt_gozag_statues, nicolae_overflow_crystal_walls,
          chequers_serial_rivers_micro_a, kennysheep_generic_room_2,
          uniq_crazy_yiuf_cottage
D:4:      nemelex_xobeh_ov_fountains_minmay
D:6:      lemuel_crystal_altar, kennysheep_mini, nicolae_water_bricks,
          serial_bayou_lake_a, uniq_sigmund, uniq_edmund, uniq_pikel,
          uniq_duvessa

Skill      XL: |  1  2  3  4  5  6 |
---------------+-------------------+-----
Short Blades   | 2 3 5 6 7 |  7.5
Spellcasting   | 2 |  2.0
Hexes          | 3 |  3.1
Dodging        | |  2.1
Stealth        | |  3.2

Action                   |  1- 3 |  4- 6 |  7- 9 || total
-------------------------+-------+-------+-------++-------
Melee: Dagger            |    67 |   132 |       ||   199
       Rapier            |       |     9 |    18 ||    27
 Fire: Hunting sling     |    40 |    46 |       ||    86
 Cast: Corona            |     5 |     4 |       ||     9
       Ensorcelled Hiber |     2 |    25 |     1 ||    28
       Dazzling Spray    |       |       |     1 ||     1
  Use: Scroll            |       |     8 |     1 ||     9
 Stab: Sleeping          |     5 |    12 |     1 ||    18
       Invisible         |       |       |     1 ||     1
  Eat: Chunk             |       |     7 |       ||     7
Armor: Robe              |     6 |    15 |     1 ||    22
Dodge: Dodged            |    48 |    79 |    14 ||   141

Table legend:
 A = Non-vault XP
 B = Vault XP
 C = Vault XP percentage of total XP
 D = Non-vault monster count
 E = Vault monster count
 F = Vault count percentage of total count
                 A         B        C        D         E       F
            +---------+---------+-------+---------+---------+-------
      Total |     609 |      12 |   1.9 |      69 |       4 |   5.5
            +---------+---------+-------+---------+---------+-------
        D:1 |      34 |       0 |   0.0 |      20 |       0 |   0.0
        D:2 |      17 |       0 |   0.0 |      10 |       0 |   0.0
        D:3 |     140 |      12 |   7.9 |      17 |       4 |  19.0
        D:4 |     176 |       0 |   0.0 |      15 |       0 |   0.0
        D:5 |     152 |       0 |   0.0 |       6 |       0 |   0.0
        D:6 |      90 |       0 |   0.0 |       1 |       0 |   0.0
            +---------+---------+-------+---------+---------+-------
